 Dungeon Crawl Stone Soup version 0.21-a0-278-ga722497 (webtiles) character file.

19 4thArraOfDagon the Skirmisher (level 2, 0/26 HPs)
             Began as a Gnoll Berserker on Sept 21, 2017.
             Was a Follower of Trog.
             Slain by a leopard gecko (1 damage)
             ... on level 1 of the Dungeon.
             The game lasted 00:01:22 (338 turns).

4thArraOfDagon the Skirmisher (Gnoll Berserker)      Turns: 338, Time: 00:01:23

Health: 0/26       AC:  2    Str:  7    XL:     2   Next: 75%
Magic:  11/11      EV: 12    Int:  7    God:    Trog [*.....]
Gold:   30         SH:  0    Dex:  7    Spells: 1/1 levels left

rFire    . . .     SeeInvis .   a - +0 hand axe
rCold    . . .     Gourm    .   (no shield)
rNeg     . . .     Faith    .   b - +0 animal skin
rPois    .         Spirit   .   (no helmet)
rElec    .         Reflect  .   (no cloak)
rCorr    .         Harm     .   (no gloves)
MR       .....                  (no boots)
Stlth    +.........             (no amulet)
HPRegen  0.08/turn              e - ring of magical power
MPRegen  0.12/turn              (no ring)

@: no status effects
A: unchanging attributes, fangs 1, strong nose
a: Berserk, Burn Spellbooks, Renounce Religion


You were on level 1 of the Dungeon.
You worshipped Trog.
Trog was aware of your devotion.
You were not hungry.

You visited 1 branch of the dungeon, and saw 1 of its levels.

You collected 30 gold pieces.

Inventory:

Hand Weapons
 a - a +0 hand axe (weapon)
Armour
 b - a +0 animal skin (worn)
Jewellery
 e - a ring of magical power (left hand)
Scrolls
 d - a scroll of fog {unknown}
 f - a scroll of immolation {unknown}
 g - a scroll of identify {unknown}
Comestibles
 c - a bread ration
 h - 3 chunks of flesh
 i - a meat ration


   Skills:
 + Level 4.8 Fighting
 * Level 4.5 Axes
 - Level 2.6 Armour
 - Level 2.6 Dodging


You had one spell level left.
You didn't know any spells.

Dungeon Overview and Level Annotations

Branches:
Dungeon (1/15)

Altars:


Innate Abilities, Weirdness & Mutations

Your physical attributes are unchanging.
You have very sharp teeth.
Your uncanny sense of smell can sniff out nearby items.


Message History

The kobold hits you.
* * * LOW HITPOINT WARNING * * *
Found a puce potion.
Unknown command.
You closely miss the kobold. The kobold misses you.
A goblin comes into view. It is wielding a dagger.
Unknown command.
You see here a stone.
Unknown command.
Unknown command.
Found a shiny jade ring and a meat ration.
You recover from your berserk rage.
A leopard gecko and a rat come into view.
The leopard gecko bites you.
* * * LOW HITPOINT WARNING * * *
Unknown command.
The leopard gecko bites you.
* * * LOW HITPOINT WARNING * * *
The leopard gecko bites you.
You die...

. g #.# #+# ## #!#
#.#########.
####.###.#.......#.
#...>..............
+l@....(........... ###
###..(.#.#.#.......#.
#...#.K......#.#.......#.
#..K########.#.......#.
....r##=.KK..g...#.......#.
.... +.%.##################
.. ###.# ####....#...... ∆
..####.......#......
####.......#####.###.


You could see a leopard gecko, 2 kobolds and a rat.

Vanquished Creatures
  A leopard gecko (D:1)
  A bat (D:1)
  4 goblins (D:1)
  2 hobgoblins (D:1)
  2 jackals (D:1)
  A kobold (D:1)
  A ball python (D:1)
  3 frilled lizards (D:1)
  A rat (D:1)
16 creatures vanquished.

Notes
Turn   | Place    | Note
-------+----------+-------------------------------------------
     0 | D:1      | 4thArraOfDagon the Gnoll Berserker began the quest for the Orb.
     0 | D:1      | Reached XP level 1. HP: 19/19 MP: 1/1
   218 | D:1      | Reached XP level 2. HP: 17/26 MP: 2/2
   338 | D:1      | HP: 1/26 [leopard gecko (2)]
   338 | D:1      | Slain by a leopard gecko

Vault maps used:
D:1:      dpeg_arrival_circle_labyrinth_c

Action                   || total
-------------------------++-------
Melee: Hand axe          ||    39
       Bite              ||     3
Invok: Berserk           ||     2
Armor: Animal skin       ||     8
Dodge: Dodged            ||    23

Table legend:
 A = Spawn XP
 B = Non-spawn XP
 C = Spawn XP percentage of total XP
 D = Spawn monster count
 E = Non-spawn monster count
 F = Spawn count percentage of total count
 G = Total turns spent on level
                    A         B        C        D         E        F      G
               +---------+---------+-------+---------+---------+-------+---------
         Total |       0 |      28 |   0.0 |       0 |      16 |   0.0 |   338
               +---------+---------+-------+---------+---------+-------+---------
           D:1 |       0 |      28 |   0.0 |       0 |      16 |   0.0 |   338
               +---------+---------+-------+---------+---------+-------+---------
